 Dungeon Crawl Stone Soup version 0.17-a0-1110-g19bd574 (webtiles) character file.

1506 Chiseanne the Covered (level 8, -10/64 HPs)
             Began as a Demonspawn Fighter on May 22, 2015.
             Was a Follower of Okawaru.
             Killed from afar by a centaur (24 damage)
             ... with a wand of lightning
             ... on level 5 of the Dungeon.
             The game lasted 00:16:34 (5503 turns).

Chiseanne the Covered (Demonspawn Fighter)          Turns: 5503, Time: 00:16:34

Health: -10/64     AC: 13    Str: 16      XL:     8   Next: 52%
Magic:  8/8        EV:  5    Int: 10      God:    Okawaru [*.....]
Gold:   25         SH: 10    Dex: 19 (20) Spells: 0 memorised, 7 levels left

rFire  . . .     SeeInvis .     f - +5 spear of Light {elec, Dex+5 Stlth-}
rCold  . . .     Clarity  .     n - +0 chain mail
rNeg   . . .     SustAt   .     c - +0 shield
rPois  +         Gourm    .     (no helmet)
rElec  .         Spirit   .     m - +1 cloak {rPois}
rCorr  .         Warding  .     u - +0 pair of gloves
rMut   .         Stasis   .     (no boots)
MR     .....                    (no amulet)
Stlth  ..........               (no ring)
                                g - ring of stealth

@: not resistant to hostile enchantments, extremely unstealthy
A: hooves 1, nightstalker 2, rot immunity
a: Heroism, Renounce Religion


You were on level 5 of the Dungeon.
You worshipped Okawaru.
Okawaru was aware of your devotion.
You were not hungry.

You visited 2 branches of the dungeon, and saw 6 of its levels.

You collected 168 gold pieces.
You spent 143 gold pieces at shops.

Inventory:

Hand weapons
 a - a +0 war axe
 d - a +2 flail of protection
 e - a +2 hunting sling of flaming
 f - the +5 spear of Light (weapon) {elec, Dex+5 Stlth-}
   (You found it on level 5 of the Dungeon)

   Occasionally, upon striking a foe, it will discharge some electrical energy
   and cause terrible harm.
   It affects your dexterity (+5).
   It makes you less stealthy.
 s - a +1 trident of venom
Missiles
 o - 45 bolts
 p - 8 needles of paralysis
 r - 48 sling bullets
 z - 6 tomahawks (quivered)
Armour
 c - a +0 shield (worn)
 i - a +0 plate armour
 m - a +1 cloak of poison resistance (worn)
 n - a +0 chain mail (worn)
 u - a +0 pair of gloves (worn)
 y - the +0 leather armour of Context {+Fly rElec rC-}
   (You found it on level 4 of the Dungeon)

   It makes you vulnerable to cold.
   It insulates you from electricity.
   It lets you fly.
Jewellery
 g - a ring of stealth (left hand)
Magical devices
 B - a wand of lightning (10)
 C - a wand of digging (24)
Scrolls
 b - 2 scrolls of magic mapping
 l - 2 scrolls of remove curse
 x - a scroll of amnesia
 G - a scroll of identify
 H - a scroll of enchant armour {unknown}
Potions
 h - 2 potions of mutation
 j - a potion of curing
 k - a potion of brilliance
 q - a potion of flight
 v - 2 potions of heal wounds
 w - a potion of invisibility {unknown}
 A - a potion of cancellation {unknown}
 D - a potion of might
 F - 2 potions of haste
Comestibles
 t - 3 bread rations
 E - a slice of pizza


   Skills:
 * Level 5.7 Fighting
 - Level 3.3(3.9) Axes
 * Level 2.8(3.6) Polearms
 * Level 6.2 Armour
 * Level 5.6 Shields


You had 7 spell levels left.
You didn't know any spells.

Dungeon Overview and Level Annotations

Branches:
Dungeon (5/15)             Temple (1/1) D:4

Altars:
Ashenzari
Cheibriados
Dithmenos
Elyvilon
Fedhas
Okawaru
Qazlal
Ru
Sif Muna
Trog
Vehumet
Yredelemnul
Zin
The Shining One

Shops:
D:4 :   D:5 *


Innate Abilities, Weirdness & Mutations

You have large cloven feet.
You are significantly more attuned to the shadows.
You are immune to rotting.


Message History

It is a wand of lightning.
The centaur wields a shortbow.
The centaur shoots an arrow.
The arrow barely misses you.
The centaur shoots an arrow.
You block the arrow.
The centaur shoots an arrow.
The arrow hits you!
You see here 2 arrows.
The centaur unwields an uncursed shortbow.
The centaur hits you.
You puncture the centaur! You kick the centaur, but do no damage.
The centaur is heavily wounded.
The centaur drinks a potion.
The centaur is healed!
You hit the centaur. Your kick misses the centaur.
The centaur is lightly wounded.
The centaur zaps a wand.
The bolt of lightning hits you!
* * * LOW HITPOINT WARNING * * *
The centaur zaps a wand.
The bolt of lightning misses you.
You hit the centaur. You kick the centaur, but do no damage.
The centaur is moderately wounded.
The centaur zaps a wand.
The bolt of lightning hits you!
You die...

### .###.....#
##.......##
##.........##
##...........#
##.............#
#....(.........#
#...............
#.......(.......
#........@c....
#..............
#..............
##
..............
.. .............
.. ..........#
.. .. .. ..


You could see a centaur.

Vanquished Creatures
  Sigmund (D:2)
  Edmund (D:4)
  Duvessa (D:5)
  2 phantoms (D:4)
  2 ogres (D:4)
  A centaur (D:4)
  A necrophage (D:4)
  Dowan (D:5)
  A scorpion (D:4)
  A quasit (D:5)
  A crimson imp (D:5)
  A giant frog skeleton (D:5)
  A hound (D:3)
  Crazy Yiuf (D:2)
  A centaur skeleton (D:5)
  Jessica (D:2)
  A worker ant (D:4)
  An iguana (D:4)
  A worker ant zombie (D:4)
  3 adders (D:3)
  10 gnolls
  2 oozes (D:4)
  2 worms
  2 giant geckos
  16 orcs
  13 bats
  5 giant cockroaches
  12 goblins
  8 hobgoblins (D:1)
  7 kobolds
  2 quokkas (D:3)
  4 ball pythons
  A giant gecko skeleton (D:4)
  3 giant newts
  11 rats
  3 fungi (D:2)
125 creatures vanquished.

Notes
Turn   | Place    | Note
--------------------------------------------------------------
     0 | D:1      | Chiseanne the Demonspawn Fighter began the quest for the Orb.
     0 | D:1      | Reached XP level 1. HP: 18/18 MP: 1/1
   214 | D:1      | Gained mutation: You have large cloven feet. [demonic ancestry]
   214 | D:1      | Reached XP level 2. HP: 21/24 MP: 2/2
   964 | D:2      | Reached XP level 3. HP: 19/29 MP: 3/3
  1113 | D:2      | Noticed Sigmund
  1135 | D:2      | Killed Sigmund
  1135 | D:2      | Reached skill level 4 in Fighting
  1135 | D:2      | Reached XP level 4. HP: 14/37 MP: 4/4
  1135 | D:2      | Gained mutation: You are immune to rotting. [demonic ancestry]
  1135 | D:2      | Reached XP level 5. HP: 15/42 MP: 5/5
  1731 | D:2      | Noticed Jessica
  1737 | D:2      | Killed Jessica
  2075 | D:2      | Noticed Crazy Yiuf
  2086 | D:2      | Killed Crazy Yiuf
  2086 | D:2      | Gained mutation: You are slightly more attuned to the shadows. [demonic ancestry]
  2086 | D:2      | Reached XP level 6. HP: 25/48 MP: 6/6
  2410 | D:3      | Found a glowing silver altar of Zin.
  3045 | D:4      | Got a scorched leather armour
  3063 | D:3      | Identified the cursed +0 leather armour of Context {+Fly rElec rC-} (You found it on level 4 of the Dungeon)
  3128 | D:4      | Reached skill level 1 in Polearms
  3128 | D:4      | Reached XP level 7. HP: 46/55 MP: 7/7
  3373 | D:4      | Found Ehashroni's Book Emporium.
  3412 | D:4      | Found a shadowy altar of Dithmenos.
  3434 | D:4      | Reached skill level 5 in Fighting
  3434 | D:4      | Reached skill level 5 in Armour
  3530 | D:4      | Found a staircase to the Ecumenical Temple.
  3541 | Temple   | Entered the Ecumenical Temple
  3709 | Temple   | Became a worshipper of Warmaster Okawaru
  3975 | D:4      | Noticed Edmund
  3997 | D:4      | Killed Edmund
  3997 | D:4      | Reached skill level 5 in Shields
  3997 | D:4      | Gained mutation: You are significantly more attuned to the shadows. [demonic ancestry]
  3997 | D:4      | Reached XP level 8. HP: 31/63 MP: 8/8
  4502 | D:5      | Entered Level 5 of the Dungeon
  4592 | D:5      | Found a stormy altar of Qazlal.
  4595 | D:5      | Noticed Duvessa
  4596 | D:5      | Noticed Dowan
  4613 | D:5      | Killed Duvessa
  4613 | D:5      | Acquired Okawaru's first power
  4613 | D:5      | Reached skill level 6 in Armour
  4624 | D:5      | Killed Dowan
  4636 | D:5      | HP: 3/63 [poisoned by Dowan]
  4641 | D:5      | HP: 2/63 [poisoned by Dowan]
  4648 | D:5      | HP: 1/63 [poisoned by Dowan]
  4656 | D:5      | HP: 1/63 [poisoned by Dowan]
  5167 | D:5      | Found Vifroaw's General Store.
  5196 | D:5      | Bought 2 scrolls of magic mapping for 91 gold pieces
  5196 | D:5      | Bought a potion of might for 52 gold pieces
  5476 | D:5      | Got a warped spear
  5477 | D:5      | Identified the +5 spear of Light {elec, Dex+5 Stlth-} (You found it on level 5 of the Dungeon)
  5503 | D:5      | Killed from afar by a centaur

Vault maps used:
D:1:      dpeg_arrival_solitude, minmay_misc_feat_chi, minmay_hedge_maze
D:2:      uniq_jessica, uniq_sigmund, uniq_crazy_yiuf_cottage
D:3:      lemuel_upstairs_altar, old_standard_altar, first_bread, minmay_cupped
D:4:      kennysheep_little_box, minmay_temple_entry_statues_fountains,
          serial_shops, shop, uniq_edmund
D:5:      serial_shops, shop, nicolae_qazlal_style_of_elements, uniq_duvessa
Temple:   triangle_lava_temple_12

Action                   |  1- 3 |  4- 6 |  7- 9 || total
-------------------------+-------+-------+-------++-------
Melee: War axe           |    78 |    46 |    41 ||   165
       Trident           |       |   127 |   140 ||   267
       Flail             |       |       |    15 ||    15
       Spear             |       |       |     4 ||     4
 Fire: Hunting sling     |       |    20 |    22 ||    42
  Use: Potion            |     2 |     1 |     1 ||     4
       Scroll            |       |     9 |     5 ||    14
  Eat: Chunk             |     1 |     4 |     6 ||    11
       Fruit             |       |     3 |       ||     3
       Beef jerky        |       |       |     1 ||     1
